[Event "ICC tourney 2595 (40 10)"]
[Site "Internet Chess Club"]
[Date "2021.06.05"]
[Round "1"]
[White "DESHPANDE, SARTHAK YASHODHAN:King2012"]
[Black "KONDABATHINI, NAMISH:K05-16992657"]
[Result "1-0"]
[ICCResult "Black checkmated"]
[WhiteElo "1457"]
[BlackElo "1053"]
[Opening "Caro-Kann: anti-anti-Caro-Kann defense"]
[ECO "B10"]
[NIC "CK.01"]
[Time "11:33:31"]
[PlyCount "83"]
[TimeControl "2400+10"]

1. e4 c6 2. c4 d5 3. cxd5 cxd5 4. exd5 Qxd5 5. d4 Bf5 6. Nc3 Qd8 7. Nf3 e6
8. Bb5+ Nd7 9. Ne5 Nf6 10. Bg5 Bb4 11. Nxd7 Bxc3+ 12. bxc3 Nxd7 13. Bxd8
Kxd8 14. Bxd7 Kxd7 15. Qf3 b6 16. Qb7+ Kd6 17. Qxf7 g5 18. Qf6 h6 19. Qe5+
Kd7 20. O-O Rhf8 21. Rfe1 Rae8 22. Qg7+ Kd6 23. Qxh6 g4 24. Qe3 Rh8 25.
Qe5+ Kd7 26. d5 Rhf8 27. Rad1 Kc8 28. d6 Rd8 29. Qg7 Kb8 30. Qc7+ Ka8 31.
d7 Rh8 32. Rd6 e5 33. Rxe5 Bc2 34. Qxd8+ Rxd8 35. Re8 Rxe8 36. dxe8=Q+ Kb7
37. Qc6+ Ka6 38. a4 Bb3 39. Qb5+ Kb7 40. Rd7+ Kb8 41. Qe5+ Ka8 42. Qe8# {
Black checkmated } 1-0

[Event "ICC tourney 2595 (40 10)"]
[Site "Internet Chess Club"]
[Date "2021.06.05"]
[Round "1"]
[White "DHURJATI, ANAGHA:amdink"]
[Black "ROUTRAY, NIRMALYA:NIRMALYA01"]
[Result "1-0"]
[ICCResult "Black resigns"]
[WhiteElo "1337"]
[BlackElo "797"]
[Opening "Sicilian: Labourdonnais-Löwenthal variation"]
[ECO "B32"]
[NIC "SI.32"]
[Time "11:38:09"]
[PlyCount "39"]
[TimeControl "2400+10"]

1. e4 c5 2. Nf3 Nc6 3. d4 cxd4 4. Nxd4 e5 5. Nb5 Nf6 6. N1c3 d6 7. Bg5 Be7
8. Bxf6 gxf6 9. Nd5 Qa5+ 10. Nbc3 Be6 11. Bc4 Bxd5 12. Bxd5 Nd4 13. O-O Rb8
14. Qh5 O-O 15. Rad1 Kg7 16. Rd3 Ne6 17. Bxe6 fxe6 18. Rg3+ Kh8 19. Rh3 Rf7
20. Qxf7 { Black resigns } 1-0

[Event "ICC tourney 2595 (40 10)"]
[Site "Internet Chess Club"]
[Date "2021.06.05"]
[Round "1"]
[White "Sun, Nathan Haojia:nathansun123"]
[Black "Xiao, Michael:michaelxiao"]
[Result "1-0"]
[ICCResult "Black checkmated"]
[WhiteElo "794"]
[BlackElo "1325"]
[Opening "French: Rubinstein variation"]
[ECO "C03"]
[NIC "FR.07"]
[Time "11:35:04"]
[PlyCount "143"]
[TimeControl "2400+10"]

1. e4 e6 2. d4 d5 3. Nd2 dxe4 4. Nxe4 Nd7 5. Nf3 Ngf6 6. Bd3 b6 7. O-O Bb7
8. Nxf6+ Nxf6 9. Be3 a6 10. c3 Be7 11. a3 O-O 12. Nd2 Nd5 13. Nc4 Nxe3 14.
Nxe3 Bd6 15. Qh5 h6 16. Nc4 Qf6 17. Nxd6 cxd6 18. Rae1 Rfe8 19. Re2 Re7 20.
Be4 Bxe4 21. Rxe4 e5 22. Rfe1 Rae8 23. dxe5 Rxe5 24. Rxe5 Rxe5 25. Rxe5
Qxe5 26. Qxe5 dxe5 27. Kf1 Kf8 28. Ke2 Ke7 29. Kd3 Kd6 30. Kc4 b5+ 31. Kb4
Kc6 32. c4 bxc4 33. Kxc4 f5 34. b4 g5 35. a4 g4 36. b5+ axb5+ 37. axb5+ Kd6
38. b6 Kc6 39. b7 Kxb7 40. Kd5 g3 41. hxg3 f4 42. gxf4 exf4 43. Ke4 Kc6 44.
Kxf4 Kd5 45. Kf5 Kd6 46. Kg6 Ke7 47. Kxh6 Kf8 48. g4 Kf7 49. f4 Kf8 50. g5
Kg8 51. f5 Kh8 52. f6 Kg8 53. g6 Kh8 54. g7+ Kg8 55. f7+ Kxf7 56. Kh7 Kf6
57. g8=Q Ke5 58. Qf7 Ke4 59. Qf6 Kd5 60. Qe7 Kd4 61. Qe6 Kc5 62. Qd7 Kc4
63. Qd6 Kc3 64. Qd5 Kc2 65. Qd4 Kc1 66. Qf2 Kd1 67. Kg6 Kc1 68. Kf5 Kb1 69.
Ke4 Ka1 70. Kd3 Kb1 71. Kc3 Ka1 72. Qb2# { Black checkmated } 1-0

[Event "ICC tourney 2595 (40 10)"]
[Site "Internet Chess Club"]
[Date "2021.06.05"]
[Round "1"]
[White "Zong, Ivan:ivanzong"]
[Black "Meredith, Robert J:RJblue"]
[Result "1-0"]
[ICCResult "Black resigns"]
[WhiteElo "1300"]
[BlackElo "769"]
[Opening "Queen's pawn game, Rubinstein (Colle-Zukertort) variation"]
[ECO "A46"]
[NIC "QP.06"]
[Time "11:33:32"]
[PlyCount "71"]
[TimeControl "2400+10"]

1. d4 Nf6 2. Nf3 e6 3. e3 c5 4. Bd3 d5 5. b3 Nc6 6. Bb2 Be7 7. Nbd2 O-O 8.
O-O Nb4 9. Be2 cxd4 10. exd4 Bd6 11. a3 Nc6 12. Ne5 Qc7 13. f4 Qb6 14. Ndf3
Ne4 15. Bd3 f6 16. Nxc6 Qxc6 17. c4 Bxf4 18. Qe2 Nd6 19. c5 Nf7 20. Qc2 g6
21. Bxg6 hxg6 22. Qxg6+ Kh8 23. Qxf6+ Kh7 24. Qxf4 Bd7 25. Qh4+ Kg7 26. Ng5
Nh6 27. Qg3 Kh8 28. Qe5+ Kg8 29. Qg3 Kh8 30. Qh4 Kg7 31. Nf3 Nf5 32. Qg5+
Kh7 33. Ne5 Qc8 34. Qg6+ Kh8 35. Rf3 Qe8 36. Rh3+ { Black resigns } 1-0

[Event "ICC tourney 2595 (40 10)"]
[Site "Internet Chess Club"]
[Date "2021.06.05"]
[Round "1"]
[White "BHOSALE, ARNAV:avbhosale"]
[Black "LI, MASON:iamlifamily"]
[Result "0-1"]
[ICCResult "White checkmated"]
[WhiteElo "752"]
[BlackElo "1266"]
[Opening "Caro-Kann: exchange variation"]
[ECO "B13"]
[NIC "CK.02"]
[Time "11:33:32"]
[PlyCount "94"]
[TimeControl "2400+10"]

1. e4 c6 2. d4 d5 3. exd5 cxd5 4. Bb5+ Nc6 5. Nc3 e6 6. a3 Bd7 7. Bxc6 bxc6
8. Nf3 Nf6 9. Bg5 h6 10. Bxf6 Qxf6 11. Qe2 Bd6 12. b4 a6 13. Na4 Bc7 14.
Nc5 Bb6 15. Nxa6 O-O 16. Nc5 Bc8 17. h4 Bxc5 18. bxc5 Ba6 19. Qe3 Rfb8 20.
g4 Qg6 21. g5 h5 22. Kd2 Rb2 23. Qc3 Rab8 24. Rhf1 Bxf1 25. Rxf1 Qe4 26.
Qd3 Qxd3+ 27. Kxd3 Ra2 28. Kd2 Rxa3 29. Ne5 Ra6 30. Nd7 Rb4 31. c3 Ra2+ 32.
Kd3 Rb3 33. Ne5 Raa3 34. Rc1 Ra6 35. Kc2 Rba3 36. Rb1 Ra2+ 37. Rb2 Rxb2+
38. Kxb2 f6 39. Nd7 Ra7 40. Nb6 fxg5 41. hxg5 h4 42. Kc2 h3 43. Kd2 h2 44.
Ke2 h1=Q 45. Ke3 Qe4+ 46. Kd2 Ra2+ 47. Kc1 Qe1# { White checkmated } 0-1

[Event "ICC tourney 2595 (40 10)"]
[Site "Internet Chess Club"]
[Date "2021.06.05"]
[Round "1"]
[White "GUERRERIO, CHRISTOPHER:K09-16206065"]
[Black "KNAPP, DANIEL:trawglodyte"]
[Result "1-0"]
[ICCResult "Black checkmated"]
[WhiteElo "530"]
[BlackElo "1198"]
[Opening "QGA: 3.e4"]
[ECO "D20"]
[NIC "QG.04"]
[Time "11:35:04"]
[PlyCount "75"]
[TimeControl "2400+10"]

1. d4 d5 2. c4 dxc4 3. e4 Nc6 4. Be3 e5 5. d5 Nd4 6. Bxd4 exd4 7. Qxd4 Nf6
8. Bxc4 Bb4+ 9. Nc3 Qe7 10. f3 a6 11. Ne2 Bc5 12. Qd2 O-O 13. Nd4 Bb4 14.
Nde2 b5 15. Bb3 Bb7 16. O-O Rfd8 17. a3 Bc5+ 18. Kh1 c6 19. Nf4 cxd5 20.
exd5 Nxd5 21. Nfxd5 Bxd5 22. Nxd5 Rxd5 23. Qxd5 Rd8 24. Qf5 Rd2 25. Rfe1 g6
26. Qc8+ Qf8 27. Re8 Rxb2 28. Rxf8+ Bxf8 29. Bxf7+ Kxf7 30. Qc7+ Be7 31.
Re1 Kf8 32. Qxe7+ Kg8 33. Qe8+ Kg7 34. Qe5+ Kh6 35. Qxb2 g5 36. Qf6+ Kh5
37. g4+ Kh4 38. Qh6# { Black checkmated } 1-0

[Event "ICC tourney 2595 (40 10)"]
[Site "Internet Chess Club"]
[Date "2021.06.05"]
[Round "1"]
[White "BAI, JEFFREY:Jeffchess"]
[Black "Maddipati, Srihas:srihassm"]
[Result "1-0"]
[ICCResult "Black checkmated"]
[WhiteElo "1264"]
[BlackElo "750"]
[Opening "Four knights: Italian variation"]
[ECO "C47"]
[NIC "KP.06"]
[Time "11:33:32"]
[PlyCount "121"]
[TimeControl "2400+10"]

1. e4 e5 2. Nf3 Nc6 3. Nc3 Nf6 4. Bc4 Nxe4 5. Bxf7+ Kxf7 6. Nxe4 d5 7. Nc3
Bc5 8. Qe2 Bf5 9. O-O e4 10. Ne1 Nd4 11. Qe3 Nf3+ 12. gxf3 Bxe3 13. fxe3
Qg5+ 14. Kh1 exf3 15. Nxf3 Qh5 16. d3 Kg8 17. Nxd5 Bh3 18. Nf4 Bxf1 19.
Nxh5 Be2 20. Kg2 Rf8 21. Nf4 Bxf3+ 22. Kxf3 g5 23. e4 gxf4 24. Bxf4 Kf7 25.
Bxc7 Ke6+ 26. Ke3 Rc8 27. Ba5 Rxc2 28. Bd2 Rg8 29. d4 Rg2 30. d5+ Kd7 31.
Bc3 Rxh2 32. Rg1 Rce2+ 33. Kd4 Rh4 34. Rg7+ Ke8 35. Rxb7 Rexe4+ 36. Kc5
Rc4+ 37. Kb5 a6+ 38. Kxa6 Ra4+ 39. Kb5 Rxa2 40. d6 Rh5+ 41. Kb6 Ra8 42. Bg7
Rha5 43. d7+ Ke7 44. b4 R5a6+ 45. Kc7 Rd6 46. Bf6+ Rxf6 47. Rb5 Ra7+ 48.
Kb8 Rxd7 49. Re5+ Kd6 50. Re8 h5 51. b5 h4 52. b6 h3 53. Rh8 h2 54. b7 Rf8+
55. Rxf8 h1=Q 56. Rf6+ Ke7 57. Rb6 Qd5 58. Ka7 Kd8 59. Ka6 Qc4+ 60. Ka7 Kc7
61. b8=Q# { Black checkmated } 1-0

[Event "ICC tourney 2595 (40 10)"]
[Site "Internet Chess Club"]
[Date "2021.06.05"]
[Round "1"]
[White "YIN, HAOXUAN:haoxuanyin"]
[Black "KUNAMNENI, SUJAY:sujay2010"]
[Result "0-1"]
[ICCResult "White checkmated"]
[WhiteElo "776"]
[BlackElo "1315"]
[Opening "Sicilian defense"]
[ECO "B40"]
[NIC "SI.43"]
[Time "11:33:31"]
[PlyCount "64"]
[TimeControl "2400+10"]

1. e4 c5 2. Nf3 e6 3. c3 Nc6 4. d4 cxd4 5. cxd4 Qc7 6. Nc3 a6 7. h3 Nf6 8.
Bd3 Be7 9. O-O O-O 10. Re1 b5 11. e5 Nd5 12. Bxh7+ Kxh7 13. Ng5+ Bxg5 14.
Qh5+ Bh6 15. Bxh6 gxh6 16. Ne4 f5 17. Ng5+ Kg7 18. Nf3 Bb7 19. Nh4 Nf4 20.
Qf3 Ng6 21. Qg3 Ne7 22. Rad1 Kh7 23. d5 Bxd5 24. Rd4 Rg8 25. Qa3 Nc6 26.
Nxg6 Nxd4 27. Ne7 Ne2+ 28. Kf1 Bxg2+ 29. Kxe2 Qc2+ 30. Ke3 f4+ 31. Kxf4
Qxf2+ 32. Qf3 Qxf3# { White checkmated } 0-1

[Event "ICC tourney 2595 (40 10)"]
[Site "Internet Chess Club"]
[Date "2021.06.05"]
[Round "1"]
[White "PEESA, RAHUL:RahulPeesa"]
[Black "MADSEN, STUART:gmstuartscott"]
[Result "1-0"]
[ICCResult "Black checkmated"]
[WhiteElo "1341"]
[BlackElo "823"]
[Opening "Queen's pawn, Mason variation"]
[ECO "D00"]
[NIC "QP.08"]
[Time "11:33:31"]
[PlyCount "51"]
[TimeControl "2400+10"]

1. d4 d5 2. Bf4 Nf6 3. e3 Nc6 4. Nf3 Bf5 5. c4 e6 6. Nc3 a6 7. Qb3 b6 8.
cxd5 exd5 9. Rc1 Be6 10. Bd3 Be7 11. h3 O-O 12. O-O Na5 13. Qd1 Nc4 14. b3
Nb2 15. Qc2 Ba3 16. Rcd1 c5 17. Nb1 Nxd1 18. Nxa3 Nxf2 19. Rxf2 Re8 20. Bg5
g6 21. Ne5 Bf5 22. Bxf5 gxf5 23. Qxf5 Ra7 24. Bxf6 Qd6 25. Qg5+ Kf8 26.
Qg7# { Black checkmated } 1-0

[Event "ICC tourney 2595 (40 10)"]
[Site "Internet Chess Club"]
[Date "2021.06.05"]
[Round "1"]
[White "GUAN, MARIE:marieplaychess"]
[Black "Coffey, Damon L:clammer"]
[Result "1-0"]
[ICCResult "Black resigns"]
[WhiteElo "951"]
[BlackElo "1372"]
[Opening "Sicilian: Grand Prix attack"]
[ECO "B23"]
[NIC "SI.44"]
[Time "11:33:31"]
[PlyCount "75"]
[TimeControl "2400+10"]

1. e4 c5 2. Nc3 Nc6 3. f4 g6 4. Nf3 Bg7 5. Be2 d6 6. O-O h6 7. Qe1 e6 8.
Qg3 Nge7 9. d3 a6 10. Nd1 b5 11. a3 Qb6 12. Be3 Bb7 13. b4 O-O-O 14. bxc5
dxc5 15. Rb1 Nd4 16. Bxd4 cxd4 17. a4 Qc7 18. axb5 Qxc2 19. Ne3 Qxe2 20.
Rbc1+ Kd7 21. Rfe1 Qxd3 22. Nc4 f6 23. Red1 Qb3 24. Nfe5+ fxe5 25. Qxb3
Bxe4 26. Nb6+ Ke8 27. Qxe6 Bf5 28. Qc4 e4 29. bxa6 e3 30. Rd3 Bxd3 31. Qxd3
Rf8 32. g3 Rf7 33. a7 Nf5 34. a8=Q Rxa8 35. Nxa8 Bf6 36. Rc8+ Ke7 37. Qe4+
Kd7 38. Qe8+ { Black resigns } 1-0

[Event "ICC tourney 2595 (40 10)"]
[Site "Internet Chess Club"]
[Date "2021.06.05"]
[Round "1"]
[White "BRAHMANAPALLY, SARVAGNYA:bsarvagnya"]
[Black "IGNATENKO, TIMOTHY:Timothy233"]
[Result "1-0"]
[ICCResult "Black checkmated"]
[WhiteElo "1323"]
[BlackElo "779"]
[Opening "Sicilian defense"]
[ECO "B32"]
[NIC "SI.31"]
[Time "12:06:42"]
[PlyCount "57"]
[TimeControl "2400+10"]

1. e4 c5 2. Nf3 Nc6 3. d4 e6 4. d5 Nd4 5. Nxd4 cxd4 6. Qxd4 exd5 7. Qxd5
Nf6 8. Qd4 g6 9. Bg5 Bg7 10. e5 Qa5+ 11. Bd2 Qc7 12. exf6 Bf8 13. Qe4+ Kd8
14. Nc3 d6 15. Bb5 Bd7 16. O-O a6 17. Bxd7 Qxd7 18. Nd5 Qc6 19. Ba5+ Kd7
20. Nb6+ Kc7 21. Nxa8+ Kb8 22. Qxc6 bxc6 23. Nb6 Bh6 24. Rfe1 Ka7 25. Re7+
Kb8 26. Rxf7 Bg5 27. Re1 c5 28. Ree7 h5 29. Rb7# { Black checkmated } 1-0

[Event "ICC tourney 2595 (40 10)"]
[Site "Internet Chess Club"]
[Date "2021.06.05"]
[Round "1"]
[White "SENTHILKUMAR, PRAJITH:K06-17013203"]
[Black "BLIZNIUK, STANISLAW:Sbliz20"]
[Result "0-1"]
[ICCResult "White resigns"]
[WhiteElo "362"]
[BlackElo "1176"]
[Opening "Caro-Kann: two knights variation"]
[ECO "B10"]
[NIC "CK.01"]
[Time "12:06:42"]
[PlyCount "89"]
[TimeControl "2400+10"]

1. e4 c6 2. Nf3 d5 3. Nc3 dxe4 4. Nxe4 Nf6 5. Nxf6+ exf6 6. Bd3 Bg4 7. Qe2+
Be7 8. Qe4 Bxf3 9. Qxf3 Nd7 10. Qg3 O-O 11. Qh3 g6 12. f4 Qc7 13. Bc4 Qxf4
14. d3 Qe5+ 15. Kd1 f5 16. Rb1 Nb6 17. b3 Nxc4 18. bxc4 b6 19. Bb2 Qc7 20.
Qh6 f6 21. Re1 Bb4 22. Bxf6 Bxe1 23. Qg7+ Qxg7 24. Bxg7 Kxg7 25. Kxe1 Rae8+
26. Kd2 Rf7 27. d4 Rd7 28. c5 Rxd4+ 29. Kc3 bxc5 30. Rb7+ Kh6 31. Rxa7 Re3+
32. Kb2 Rb4+ 33. Kc1 Re1+ 34. Kd2 Rh1 35. Kc3 Rxh2 36. Rc7 Rxg2 37. a3 Rg3+
38. Kd2 Rxa3 39. c3 Rb2+ 40. Kd3 Rbb3 41. Rxc6 Rxc3+ 42. Kd2 Rd3+ 43. Kc2
Rh3 44. Rxc5 Rh2+ 45. Kb1 { White resigns } 0-1

[Event "ICC tourney 2595 (40 10)"]
[Site "Internet Chess Club"]
[Date "2021.06.05"]
[Round "1"]
[White "KALAGA, ASHISH:amazingashishk"]
[Black "Maradana, Harsha:K05-30024511"]
[Result "1-0"]
[ICCResult "Black resigns"]
[WhiteElo "1165"]
[BlackElo "361"]
[Opening "QGA: 3.Nf3"]
[ECO "D21"]
[NIC "QG.05"]
[Time "12:01:56"]
[PlyCount "91"]
[TimeControl "2400+10"]

1. d4 d5 2. c4 dxc4 3. Nf3 Nc6 4. d5 Nb4 5. Nc3 Nf6 6. e4 Bg4 7. Qa4+ c6 8.
Qxb4 e6 9. Qxb7 exd5 10. Qxc6+ Bd7 11. Qa6 Be7 12. Nxd5 Nxe4 13. Qxc4 Nd6
14. Qf4 O-O 15. Bd3 Re8 16. O-O Rc8 17. Nxe7+ Qxe7 18. Be3 g6 19. Ng5 h6
20. Nf3 h5 21. Qh6 Qf8 22. Qg5 Bf5 23. Bxf5 Nxf5 24. Bd2 Rc5 25. Bc3 Re6
26. Rfe1 Rxe1+ 27. Rxe1 Rc6 28. Ne5 Rd6 29. Bb4 Rd1 30. Rxd1 Qxb4 31. Qd8+
Kg7 32. Qd2 Qxd2 33. Rxd2 f6 34. Rd7+ Kh6 35. Nf7+ Kh7 36. Nd6+ Kh6 37.
Nxf5+ gxf5 38. Rxa7 Kg5 39. b4 f4 40. a4 f5 41. b5 Kg4 42. a5 h4 43. b6 f3
44. Rg7+ Kf4 45. gxf3 Kxf3 46. a6 { Black resigns } 1-0

[Event "ICC tourney 2595 (40 10)"]
[Site "Internet Chess Club"]
[Date "2021.06.05"]
[Round "1"]
[White "JACKSON, MASSIMO MATEO:Yeetamus123"]
[Black "ZENG, CALEB:calebzeng"]
[Result "1-0"]
[ICCResult "Black resigns"]
[WhiteElo "1355"]
[BlackElo "946"]
[Opening "Scotch: Potter variation"]
[ECO "C45"]
[NIC "SO.05"]
[Time "12:06:41"]
[PlyCount "61"]
[TimeControl "2400+10"]

1. e4 e5 2. Nf3 Nc6 3. d4 exd4 4. Nxd4 Bc5 5. Nb3 Bb6 6. Nc3 d6 7. Qe2 Nf6
8. Be3 Bd7 9. f3 O-O 10. O-O-O Bxe3+ 11. Qxe3 a5 12. h4 h5 13. Nd5 Be6 14.
Nxf6+ Qxf6 15. g4 hxg4 16. fxg4 Bxg4 17. Be2 Ne5 18. h5 Qh6 19. Qxh6 gxh6
20. Bxg4 Nxg4 21. Rhg1 f5 22. exf5 Rxf5 23. Rxg4+ Kh7 24. Rh1 c5 25. Nd2 d5
26. c4 d4 27. Ne4 b6 28. Rhg1 Ra7 29. Rg6 Re7 30. Nf6+ Kh8 31. Rxh6+ {
Black resigns } 1-0

[Event "ICC tourney 2595 (40 10)"]
[Site "Internet Chess Club"]
[Date "2021.06.05"]
[Round "1"]
[White "GU, THOMAS:thomasguchess"]
[Black "SARAVANAN, ARYA:aryasaravanan"]
[Result "0-1"]
[ICCResult "White checkmated"]
[WhiteElo "639"]
[BlackElo "1240"]
[Opening "Sicilian: Najdorf, Byrne (English) attack"]
[ECO "B90"]
[NIC "SI.14"]
[Time "11:33:32"]
[PlyCount "114"]
[TimeControl "2400+10"]

1. e4 c5 2. Nf3 d6 3. d4 cxd4 4. Nxd4 Nf6 5. Nc3 a6 6. Be3 e6 7. f3 Be7 8.
Qd2 Nc6 9. O-O-O O-O 10. g4 Nxd4 11. Bxd4 e5 12. Be3 Be6 13. h4 Qa5 14. Kb1
b5 15. a3 b4 16. axb4 Qxb4 17. g5 Rab8 18. b3 Nh5 19. Na2 Qb7 20. Qe2 a5
21. Qa6 Bxb3 22. Qxb7 Rxb7 23. cxb3 Rxb3+ 24. Kc1 Rxe3 25. Bg2 Rc8+ 26. Kd2
Ra3 27. Nc1 Nf4 28. Bh3 Rb8 29. Ke1 Rb2 30. Rd2 Rb1 31. Rd1 Nxh3 32. Rxh3
Raa1 33. Kd2 d5 34. exd5 Ba3 35. f4 Bxc1+ 36. Kc2 Rb2+ 37. Kc3 Ra3+ 38. Kc4
Rb4+ 39. Kc5 Rxh3 40. Rxc1 g6 41. Kd6 Rd3 42. Rc8+ Kg7 43. fxe5 Rb6+ 44.
Rc6 Rxc6+ 45. Kxc6 Kf8 46. Kd6 Ke8 47. e6 fxe6 48. Kxe6 a4 49. d6 a3 50.
d7+ Rxd7 51. Ke5 a2 52. Ke4 a1=Q 53. Kf4 Qd4+ 54. Kg3 Re7 55. h5 Re3+ 56.
Kf2 Qd2+ 57. Kf1 Re1# { White checkmated } 0-1

[Event "ICC tourney 2595 (40 10)"]
[Site "Internet Chess Club"]
[Date "2021.06.05"]
[Round "1"]
[White "CHANDRA, MAURYA:maurya18"]
[Black "DEBMISRA, ARIV:arivdeb"]
[Result "1-0"]
[ICCResult "Black resigns"]
[WhiteElo "1269"]
[BlackElo "761"]
[Opening "Scandinavian defense"]
[ECO "B01"]
[NIC "SD.03"]
[Time "11:34:44"]
[PlyCount "87"]
[TimeControl "2400+10"]

1. e4 d5 2. exd5 Nf6 3. Nf3 Nxd5 4. d4 Nc6 5. Bc4 Nb6 6. Bb3 Bf5 7. Be3 e6
8. a3 Be7 9. Nc3 O-O 10. Qd2 Re8 11. O-O-O Nd5 12. Nxd5 exd5 13. Ne5 Qd6
14. Bf4 Nxe5 15. dxe5 Qg6 16. Qxd5 c6 17. Qd2 b5 18. Qe2 a5 19. h4 a4 20.
Ba2 b4 21. axb4 Bxb4 22. f3 a3 23. h5 axb2+ 24. Kxb2 Rxa2+ 25. Kxa2 Ra8+
26. Kb2 Qe6 27. Ra1 Rb8 28. Kc1 Bc3 29. Rb1 Rxb1+ 30. Kxb1 Qb3+ 31. Kc1
Qb2+ 32. Kd1 Qb1+ 33. Bc1 Bb2 34. Qd2 h6 35. Ke2 Bxe5 36. Re1 Qb5+ 37. Kd1
Bg3 38. Re2 Qb6 39. Qe3 Qb1 40. Qb3 Qa1 41. Re8+ Kh7 42. Qxf7 Bxc2+ 43.
Kxc2 Qa4+ 44. Qb3 { Black resigns } 1-0

[Event "ICC tourney 2595 (40 10)"]
[Site "Internet Chess Club"]
[Date "2021.06.05"]
[Round "1"]
[White "Kale, Shubham:shubham07"]
[Black "PARK, JOSHUA:K05-16451732"]
[Result "1-0"]
[ICCResult "Black checkmated"]
[WhiteElo "1178"]
[BlackElo "376"]
[Opening "English opening"]
[ECO "A16"]
[NIC "EO.64"]
[Time "11:55:34"]
[PlyCount "73"]
[TimeControl "2400+10"]

1. c4 Nf6 2. Nc3 Nc6 3. e4 e5 4. g3 Bb4 5. Nge2 Bxc3 6. Nxc3 O-O 7. Bg2 Nd4
8. O-O c6 9. d3 d5 10. exd5 cxd5 11. Nxd5 Ng4 12. h3 Nf6 13. Bg5 b5 14.
Nxf6+ gxf6 15. Bxa8 fxg5 16. Bg2 Qe7 17. Kh2 Rd8 18. Bd5 e4 19. dxe4 Ne6
20. cxb5 a6 21. a4 Qc5 22. Rc1 Qb4 23. Qb3 Qxe4 24. Bxe4 axb5 25. Rfd1 Re8
26. Qxb5 Bd7 27. Qxd7 Ra8 28. Rc8+ Rxc8 29. Qxc8+ Kg7 30. Qxe6 fxe6 31. a5
Kf6 32. a6 Ke5 33. f3 Kf6 34. a7 Kf7 35. a8=Q Kf6 36. Qf8+ Ke5 37. Qg7# {
Black checkmated } 1-0

[Event "ICC tourney 2595 (40 10)"]
[Site "Internet Chess Club"]
[Date "2021.06.05"]
[Round "1"]
[White "XUE, JACK:K03-17241051"]
[Black "JACOBS, STEVE:Steviejay"]
[Result "1-0"]
[ICCResult "Black resigns"]
[WhiteElo "825"]
[BlackElo "1343"]
[Opening "Van't Kruijs opening"]
[ECO "A00"]
[Time "12:01:56"]
[PlyCount "69"]
[TimeControl "2400+10"]

1. e3 d5 2. d4 Nf6 3. c4 c6 4. Nc3 Bf5 5. cxd5 cxd5 6. Bb5+ Bd7 7. Bxd7+
Nbxd7 8. Qb3 Nb6 9. Nf3 e6 10. Bd2 Nc4 11. Qxb7 Nxd2 12. Nxd2 Rb8 13. Qc6+
Qd7 14. Qxd7+ Kxd7 15. Nb3 Bd6 16. Rc1 Rhc8 17. O-O a6 18. f3 Rc7 19. e4
dxe4 20. fxe4 Ng4 21. e5 Be7 22. Rxf7 Ke8 23. Rxg7 h5 24. Rh7 h4 25. Re1
Rb4 26. h3 Rcc4 27. hxg4 a5 28. Rh8+ Kd7 29. Nc5+ Bxc5 30. dxc5 Rxb2 31.
Rd1+ Kc6 32. Rd6+ Kc7 33. Rh7+ Kc8 34. Rxe6 Kd8 35. Rg6 { Black resigns }
1-0

[Event "ICC tourney 2595 (40 10)"]
[Site "Internet Chess Club"]
[Date "2021.06.05"]
[Round "1"]
[White "SURIYAPRAKASH, SHRUTI:shrutisuriya"]
[Black "NAMBIAR, AARAV THILOP:AaravThilop"]
[Result "0-1"]
[ICCResult "White checkmated"]
[WhiteElo "1049"]
[BlackElo "1450"]
[Opening "Sicilian: Najdorf, Byrne (English) attack"]
[ECO "B90"]
[NIC "SI.14"]
[Time "11:33:31"]
[PlyCount "122"]
[TimeControl "2400+10"]

1. e4 c5 2. Nf3 d6 3. d4 cxd4 4. Nxd4 Nf6 5. Nc3 a6 6. Be3 e5 7. Nf3 Be6 8.
Be2 Be7 9. O-O O-O 10. h3 Nbd7 11. Re1 Rc8 12. Ng5 Bc4 13. Bxc4 Rxc4 14.
Qd3 Rc6 15. Rad1 Nc5 16. Bxc5 Rxc5 17. Nf3 Qc7 18. Re2 b5 19. a3 Rc8 20.
Rc1 Nd7 21. Nd5 Qd8 22. Rd2 R5c6 23. Nb4 Rb6 24. Qd5 a5 25. Nd3 Nf6 26. Qb3
Nxe4 27. Rdd1 Nc5 28. Nxc5 Rxc5 29. Qe3 Qc7 30. c3 h6 31. Qe4 Qc6 32. Qxc6
Rbxc6 33. Re1 b4 34. Re3 bxc3 35. Rexc3 Rxc3 36. Rxc3 Rxc3 37. bxc3 f6 38.
a4 d5 39. Kf1 Kf7 40. Ke2 Ke6 41. Kd2 Bc5 42. Ke2 g5 43. g4 d4 44. c4 f5
45. Nd2 e4 46. f3 d3+ 47. Kd1 e3 48. Nb3 e2+ 49. Ke1 Bb4+ 50. Nd2 f4 51. c5
Kd5 52. c6 Kxc6 53. h4 Kd6 54. hxg5 hxg5 55. Kf2 Bxd2 56. Kg2 e1=Q 57. Kh2
Qg3+ 58. Kh1 Qxf3+ 59. Kh2 Qxg4 60. Kh1 f3 61. Kh2 Qg2# { White checkmated
} 0-1

[Event "ICC tourney 2595 (40 10)"]
[Site "Internet Chess Club"]
[Date "2021.06.05"]
[Round "1"]
[White "Goldblatt, Steven:SGOLD9367"]
[Black "ADUSUMALLI, ANIRUDH SAI:Anichess2009"]
[Result "1-0"]
[ICCResult "Black resigns"]
[WhiteElo "1343"]
[BlackElo "895"]
[Opening "Queen's pawn: Charlick (Englund) gambit"]
[ECO "A40"]
[NIC "QO.17"]
[Time "11:51:06"]
[PlyCount "139"]
[TimeControl "2400+10"]

1. d4 e5 2. d5 Nf6 3. c4 Bc5 4. e3 d6 5. Nf3 Bf5 6. Nc3 O-O 7. Be2 Nbd7 8.
a3 a5 9. Nh4 Be4 10. Nxe4 Nxe4 11. Nf3 h6 12. Nd2 Ng5 13. Qc2 f5 14. Nf3
Ne4 15. Bd3 Ndf6 16. Bxe4 Nxe4 17. Nd2 Ng5 18. O-O Qe7 19. e4 f4 20. Qb3 b6
21. Nf3 Nxe4 22. Qc2 Ng5 23. Nh4 Rf6 24. Bd2 Nh7 25. b4 Bd4 26. Nf3 Bxa1
27. Rxa1 axb4 28. Bxb4 e4 29. Nd4 e3 30. Nc6 exf2+ 31. Qxf2 Qe3 32. Qxe3
fxe3 33. Bc3 Rf4 34. Nd4 Nf6 35. g3 Rf2 36. Be1 Rb2 37. Bc3 Rf2 38. Be1 Ne4
39. Bxf2 exf2+ 40. Kf1 Ra4 41. Rc1 Nd2+ 42. Kxf2 Nxc4 43. Nb5 Nxa3 44. Nxc7
Rd4 45. Rc6 Nc4 46. Na8 Rxd5 47. Rxc4 b5 48. Rb4 Kf7 49. Nc7 Rd2+ 50. Kg1
Rd1+ 51. Kg2 Rd2+ 52. Kh3 g5 53. Nxb5 h5 54. g4 h4 55. Rb3 Ke6 56. Re3+ Kd5
57. Nc7+ Kd4 58. Rf3 Ke4 59. Ra3 d5 60. Ne6 d4 61. Nxg5+ Kd5 62. Nf3 Re2
63. Nxh4 Ke4 64. Nf5 d3 65. Ng3+ Ke3 66. Nxe2 Kxe2 67. g5 d2 68. Ra2 Ke1
69. Rxd2 Kxd2 70. g6 { Black resigns } 1-0

[Event "ICC tourney 2595 (40 10)"]
[Site "Internet Chess Club"]
[Date "2021.06.05"]
[Round "1"]
[White "MCQUILLIN, DANIL ALSANDAIR:DanilMcQuillin"]
[Black "GANAPATHY, AISHWARYA LAKSHMI:alg142"]
[Result "1-0"]
[ICCResult "Black resigns"]
[WhiteElo "1391"]
[BlackElo "973"]
[Opening "English: four knights, kingside fianchetto"]
[ECO "A29"]
[NIC "EO.04"]
[Time "12:06:41"]
[PlyCount "59"]
[TimeControl "2400+10"]

1. c4 e5 2. Nc3 Nf6 3. Nf3 Nc6 4. g3 g6 5. Bg2 Bg7 6. O-O O-O 7. d4 exd4 8.
Nxd4 Nxd4 9. Qxd4 Re8 10. Qd2 Ng4 11. e3 Ne5 12. b3 d6 13. Bb2 Be6 14. Nd5
Bh3 15. Bxe5 Bxg2 16. Bxg7 Bxf1 17. Bf6 Qd7 18. Bb2 Re6 19. Rxf1 Qd8 20.
Qd4 f6 21. Nxf6+ Kf7 22. Nd5 Re5 23. f4 Rxd5 24. Qg7+ Ke6 25. cxd5+ Kxd5
26. e4+ Kxe4 27. Re1+ Kf5 28. Qf7+ Kg4 29. Qe6+ Kh5 30. Qh3+ { Black
resigns } 1-0